 Dungeon Crawl Stone Soup version 0.31-a0-844-gdc52ec4e09 (webtiles) character file.

Game seed: 3598959770013175850

243 lunkers the Insei (level 6, -10/70 HPs)
             Began as a Meteoran Shapeshifter on Sept 29, 2023.
             Was an Initiate of Okawaru.
             Mangled by an ogre
             ... wielding a +0 giant club
              (17 damage)
             ... on level 5 of the Dungeon.
             The game lasted 00:02:17 (1008 turns).

lunkers the Insei (Meteoran Shapeshifter)           Turns: 1008, Time: 00:02:17

Health: -10/70     AC: 23    Str: 15    XL:     6   Next: 58%
Magic:  7/7        EV:  2    Int: 12    God:    Okawaru [......]
Gold:   101        SH:  0    Dex: 16    Spells: 5/5 levels left

rFire   . .          .
                       - Unarmed
rCold   . . .        (no shield)
rNeg    . . .        f - melded +1 ring mail
rPois   +            (helmet currently unavailable)
rElec   .            (cloak currently unavailable)
rCorr   .            (gloves currently unavailable)
SInv    .            (boots currently unavailable)
Will    .....        (no amulet)
Stlth   +            (no ring)
HPRegen 0.31/turn    (no ring)
MPRegen 0.10/turn

%: no passive effects
@: tree-form, glowing
A: stationary, stasis, torment immunity, boosted hp, sense surroundings 1,
otherworldly, glowing, explore regen
a: Renounce Religion


You were on level 5 of the Dungeon.
You worshipped Okawaru.
Okawaru was noncommittal.
You were a tree.
You visited 2 branches of the dungeon, and saw 6 of its levels.

You collected 101 gold pieces.

Inventory:

Armour
 a - a +0 animal skin
 f - a +1 ring mail (melded)
 j - a +0 pair of gloves
Talismans
 c - a beast talisman
 d - a flux talisman
Scrolls
 k - a scroll of teleportation
Potions
 g - 2 potions of enlightenment
 l - a potion of cancellation
 m - a potion of brilliance {unknown}
 o - a potion of curing {unknown}
 r - a potion of attraction {unknown}


   Skills:
 - Level 1.1 Fighting
 - Level 2.1 Dodging
 * Level 6.8 Unarmed Combat
 + Level 5.2 Shapeshifting


You had 5 spell levels left.
You didn't know any spells.
Your spell library contained the following spells:

 Spells                   Type           Power      Damage    Failure   Level
 Ignite Poison            Fire/Tmut/Pois 0%         N/A       69%         3
 Sticky Flame             Conj/Fire      0%         2d3       97%         4
 Ignition                 Fire           0%         3d3       100%        8


Dungeon Overview and Level Annotations

Branches:
Dungeon (6/15) Zot: 2047   Temple (1/1) D:6 Zot: 556

Altars:
Dithmenos
Fedhas
Gozag
Hepliaklqana
Makhleb
Nemelex Xobeh
Okawaru
Qazlal
Sif Muna
Trog
Vehumet
Wu Jian
Yredelemnul
Zin
The Shining One

Shops:
D:5 [


Innate Abilities, Weirdness & Mutations

You are a tree.
Your roots penetrate the ground, keeping you stationary.
You cannot be teleported.
You are immune to unholy pain and torment.
Your maximum health is greatly increased.
Your equipment is partially melded.
You passively map a small area around you.
You are easily found by Zot.
You glow in the dark.
You regain HP and MP as you explore.


Message History

Pain shoots through your body!
* * * LOW HITPOINT WARNING * * *
You punch the orc priest! You punch the orc priest.
The orc priest is almost dead.
The orc priest barely misses you.
Unknown command.
Okay, then.
You barely miss the orc priest.
The orc priest is almost dead.
The orc priest hits you with a +0 hand axe.
* * * LOW HITPOINT WARNING * * *
Unknown command.
Your transformation has ended.
You turn into a tree.
Your +1 ring mail melds into your body.
Your roots penetrate the ground.
The ogre hits you with a +0 giant club!
* * * LOW HITPOINT WARNING * * *
The orc priest mumbles some strange prayers to Beogh against you.
Beogh smites you!
* * * LOW HITPOINT WARNING * * *
You hit the orc priest but do no damage.
The orc priest is almost dead.
The orc priest hits you but does no damage.
The ogre hits you with a +0 giant club.
* * * LOW HITPOINT WARNING * * *
You hit the orc priest.
The orc priest is almost dead.
The orc priest hits you but does no damage.
Unknown command.
You hit the orc priest.
You kill the orc priest!
Okawaru accepts your kill. The ogre hits you with a +0 giant club.
* * * LOW HITPOINT WARNING * * *
You smack the ogre!
The ogre is moderately wounded.
Unknown command.
You smack the ogre!
The ogre is severely wounded.
The ogre hits you with a +0 giant club!
You die...

* * * * ,,
, *
######8## ,
>,*
#♣O...... ,
,
**#)..<.∩.>
, * * ,
#.#......
......8..
,.## #####
, , ,.. , ,
.. , , ,
... * *


You could see an ogre.

Vanquished Creatures
  A bullfrog (D:5)
  2 jellies (D:6)
  An orc priest (D:5)
  A gnoll (D:1)
  3 adders
  3 worms (D:2)
  A dart slug (D:2)
  3 ball pythons
  2 bats
  3 endoplasms (D:2)
  2 giant cockroaches (D:1)
  6 goblins
  4 hobgoblins
  A quokka (D:2)
  A frilled lizard (D:3)
  2 kobolds
  3 rats
39 creatures vanquished.

Notes
Turn   | Place    | Note
-------+----------+-------------------------------------------
     0 | D:1      | lunkers the Meteoran Shapeshifter began the quest for the
                  | Orb.
     0 | D:1      | Reached XP level 1. HP: 16/16 MP: 2/2
   116 | D:1      | Reached skill level 4 in Unarmed Combat
   116 | D:1      | Reached XP level 2. HP: 23/23 MP: 3/3
   261 | D:1      | Found a faded altar of an unknown god.
   434 | D:1      | Reached XP level 3. HP: 22/28 MP: 4/4
   646 | D:2      | Reached XP level 4. HP: 35/35 MP: 5/5
   662 | D:2      | Reached skill level 5 in Unarmed Combat
   871 | D:3      | You fall into a shaft and drop 3 floors!
   898 | D:6      | Reached XP level 5. HP: 32/40 MP: 6/6
   924 | D:6      | Reached skill level 6 in Unarmed Combat
   925 | D:6      | Found a staircase to the Ecumenical Temple.
   933 | Temple   | Found a transporter.
   933 | Temple   | Found a transporter.
   933 | Temple   | Found a transporter.
   933 | Temple   | Found a transporter.
   933 | Temple   | Entered the Ecumenical Temple
   951 | Temple   | Became a worshipper of Warmaster Okawaru
   988 | D:6      | Noticed a bullfrog
   991 | D:6      | Noticed a sky beast
   998 | D:5      | Entered Level 5 of the Dungeon
   998 | D:5      | Noticed an ogre
   998 | D:5      | Found Navviec's Antique Armour Emporium.
   999 | D:5      | Killed a bullfrog
  1000 | D:5      | Reached skill level 5 in Shapeshifting
  1000 | D:5      | Reached XP level 6. HP: 38/47 MP: 7/7
  1008 | D:5      | Mangled by an ogre

Illustrated notes

Levels and vault maps discovered:
D:1:      dpeg_arrival_stonehenge_12_columns, layout_basic,
          chequers_ecumenical_altar_simple_redux, due_unseen_surprise
D:2:      cheibrodos_old_hovel, layout_basic, nrook_loot_triangle
D:3:      layout_loops_ring, serial_shops, nicolae_shop_hallway_plus
D:5:      layout_basic, serial_shops, nicolae_stop_n_shop_2, shop,
          nicolae_shop_tiny_real_fake_doors, shop
D:6:      layout_rooms, temple_green, minmay_between, uniq_jeremiah
Temple:   hellmonk_temple_divided_pantheon

Skill      XL: |  1  2  3  4  5 |
---------------+----------------+-----
Unarmed Combat | 4 5 6 |  6.8
Shapeshifting  | 4 5 |  5.2
Fighting       | |  1.1
Dodging        | |  2.1

Action                     |  1- 3 |  4- 6 || total
---------------------------+-------+-------++-------
  Melee: Unarmed           |    66 |    65 ||   131
         Punch             |     4 |     2 ||     6
    Use: Scroll            |       |     9 ||     9
         Potion            |       |     1 ||     1
 Armour: Ring mail         |    25 |    36 ||    61
         Skin              |       |     6 ||     6
  Dodge: Dodged            |    21 |    23 ||    44

Table legend: (Time is in decaauts)
 A = Elapsed time spent in this place.
 B = Non-inter-level travel time spent in this place.
 C = Inter-level travel time spent in this place.
 D = Time resting spent in this place.
 E = Time spent auto-exploring this place.
 F = Levels seen in this place.
 G = Mean time per level.
                   A        B        C        D        E       F      G
               +--------+--------+--------+--------+--------+-----+--------+
         Total |    995 |    967 |     28 |      0 |    620 |   6 |  165.8 |
       Dungeon |    951 |    923 |     28 |      0 |    620 |   5 |  190.2 |
        Temple |     43 |     43 |      0 |      0 |      0 |   1 |   43.0 |
               +--------+--------+--------+--------+--------+-----+--------+

Top non-repeatable levels by time:
     D:1: 462 daAuts
     D:2: 322 daAuts
     D:6: 81 daAuts
     D:3: 76 daAuts
  Temple: 43 daAuts
     D:5: 8 daAuts
